 Dungeon Crawl Stone Soup version 0.17-a0-1078-g243345b (webtiles) character file.

71 inmateoo the Covered (level 4, -5/28 HPs)
             Began as a Gargoyle Wanderer on May 18, 2015.
             Slain by a gnoll
             ... wielding a +0 halberd
              (8 damage)
             ... on level 2 of the Dungeon.
             The game lasted 00:02:08 (1482 turns).

inmateoo the Covered (Gargoyle Wanderer)            Turns: 1482, Time: 00:02:08

Health: -5/28      AC:  9    Str: 18    XL:     4   Next: 24%
Magic:  5/5        EV: 10    Int: 13    God:
Gold:   95         SH:  0    Dex:  7    Spells: 0 memorised, 5 levels left

rFire  + . .     SeeInvis .     d - +0 quarterstaff
rCold  . . .     Clarity  .     j - +0 ring mail {rF+}
rNeg   + . .     SustAb   .     (no shield)
rPois  ∞         Gourm    .     (no helmet)
rElec  +         Spirit   .     (no cloak)
rCorr  .         Warding  .     (no gloves)
rMut   .         Stasis   .     (no boots)
MR     .....                    (no amulet)
Stlth  +.........               (no ring)
                                (no ring)

@: not resistant to hostile enchantments, very unstealthy
A: negative energy resistance 1, electricity resistance, unbreathing,
petrification resistance, rot immunity, AC +3
a: no special abilities


You were on level 2 of the Dungeon.
You were not hungry.

You visited 1 branch of the dungeon, and saw 2 of its levels.

You collected 95 gold pieces.

Inventory:

Hand weapons
 a - a +2 dagger
 d - a +0 quarterstaff (weapon)
Armour
 j - a +0 ring mail of fire resistance (worn)
Jewellery
 c - an uncursed ring of teleportation
Scrolls
 g - 3 scrolls of identify
 i - 2 scrolls of remove curse
 k - 2 scrolls of magic mapping
Potions
 b - a potion of haste
 h - a potion of heal wounds
Comestibles
 e - a bread ration
 f - a slice of pizza


   Skills:
 + Level 3.0 Fighting
   Level 1.0(1.9) Maces & Flails
 * Level 2.6(2.7) Staves
 + Level 3.7 Armour
 - Level 1.1 Stealth
   Level 1.1 Shields
 + Level 1.0 Spellcasting
 - Level 1.0 Evocations


You had 5 spell levels left.
You didn't know any spells.

Dungeon Overview and Level Annotations

Branches:
Dungeon (2/15)

Altars:
Elyvilon
Zin
The Shining One


Innate Abilities, Weirdness & Mutations

You are resistant to torment.
Your stone body is resilient (AC +3).
You are immune to poison.
You resist negative energy.
You are resistant to electric shocks.
You can survive without breathing.
You are immune to petrification.
You are immune to rotting.


Message History

You sock the gnoll!
The gnoll is almost dead.
The gnoll hits you with a halberd.
* * * LOW HITPOINT WARNING * * *
You completely miss the gnoll.
The gnoll is almost dead.
You hit the gnoll but do no damage.
The gnoll is almost dead.
The gnoll hits you with a halberd.
* * * LOW HITPOINT WARNING * * *
You hit the gnoll but do no damage.
The gnoll is almost dead.
The gnoll closely misses you.
You hit the gnoll but do no damage.
The gnoll is almost dead.
The gnoll barely misses you.
You barely miss the gnoll.
The gnoll is almost dead.
The gnoll hits you with a halberd!
You die...

### #..#####....#≈.≈#
#........####≈.≈#
##'#####.##.#≈.≈#
##...## #.##.#≈†≈#
##.....###.##.#≈.≈#
##.......##.##.#≈.≈#
##.........#....#...#
.'.........+....#'''#
##.........####.@g..#
##.......## #.....#
##.....## #####.#
##...## #.# ##+## #.#
#.# #.############.#
#..............#
.....###########


You could see a gnoll.

Vanquished Creatures
  2 adders (D:2)
  A gnoll (D:2)
  An ooze (D:1)
  A worm (D:2)
  2 giant geckos
  A ball python (D:1)
  4 giant cockroaches
  4 goblins
  3 hobgoblins (D:1)
  A quokka (D:2)
  6 bats
  A giant newt (D:1)
  4 kobolds (D:1)
  7 rats
38 creatures vanquished.

Notes
Turn   | Place    | Note
--------------------------------------------------------------
     0 | D:1      | inmateoo the Gargoyle Wanderer began the quest for the Orb.
     0 | D:1      | inmateoo set off with: a +2 dagger, a potion of haste, a +0 ring mail, a +0 quarterstaff, a bread ration
     0 | D:1      | Reached XP level 1. HP: 12/12 MP: 1/1
   318 | D:1      | Reached XP level 2. HP: 16/18 MP: 2/2
   634 | D:1      | Reached XP level 3. HP: 22/22 MP: 2/4
  1218 | D:2      | Reached skill level 1 in Spellcasting
  1218 | D:2      | Reached XP level 4. HP: 24/27 MP: 5/5
  1310 | D:2      | Found a glowing golden altar of the Shining One.
  1310 | D:2      | Found a glowing silver altar of Zin.
  1310 | D:2      | Found a white marble altar of Elyvilon.
  1482 | D:2      | Slain by a gnoll

Vault maps used:
D:1:      dpeg_arrival_rhombus
D:2:      good_gods_mini_temple, kennysheep_cross_bottleneck

Action                   |  1- 3 |  4- 6 || total
-------------------------+-------+-------++-------
Melee: Quarterstaff      |    95 |    20 ||   115
  Use: Scroll            |     5 |       ||     5
  Eat: Chunk             |     1 |     1 ||     2
